[Event "Late-Titled-Tuesday-Blitz-March-26-2024"]
[Site "Chess.com"]
[Date "2024.03.26"]
[Round "10"]
[White "Hikaru"]
[Black "Durarbayli"]
[Result "1-0"]
[WhiteElo "3263"]
[BlackElo "2943"]
[TimeControl "180+1"]
[EndTime "15:53:59 PDT"]
[Termination "Hikaru won on time"]

1. Nf3 d5 2. e3 c5 3. b3 a6 4.
Bb2 Nc6 5. d4 Nf6 6. dxc5 e6 7.
c4 Bxc5 8. cxd5 exd5 9. Be2 O-O 10. O-O Ba7 11. Na3 Re8 12. Nc2 Ne4 13. Ncd4 Qd6 14. Rc1 Bb8 15. a3 Bg4 16. g3 Bh3 17. Re1 Ba7 18.
b4 h5 19. b5 axb5 20. Nxb5 Nxf2 21. Nxd6 Nxd1 22. Rcxd1 Rxe3 23. Kh1 Bc5 24. Nxb7 Rb8 25. Nxc5 Rxb2 26. Ng1 d4 27. Nd3 Ra2 28. Nxh3 Rexe2 29. Rxe2 Rxe2 30. Rc1 Re3 31. Nhf2 Ne5 32. Nxe5 Rxe5 33. Ra1 Ra5 34. Kg2 f5 35. h4 Kf7 36. Nd3 Ke6 37. Nf4+ Ke5 38. Nxh5 d3 39. a4 1-0

[Event "Late-Titled-Tuesday-Blitz-March-26-2024"]
[Site "Chess.com"]
[Date "2024.03.26"]
[Round "10"]
[White "Veleamater"]
[Black "ATM622"]
[Result "1-0"]
[WhiteElo "2418"]
[BlackElo "2504"]
[TimeControl "180+1"]
[EndTime "15:53:59 PDT"]
[Termination "Veleamater won by checkmate"]

1. g3 Nf6 2. Bg2 g6 3. d3 Bg7 4. Nf3 O-O 5. O-O d5 6. h3 c5 7.
Nc3 Nc6 8. e4 e5 9. Nd2 d4 10.
Ne2 Nh5 11. f4 f5 12. exf5 gxf5 13. fxe5 Nxe5 14. Nf3 Be6 15. Nxe5 Bxe5 16. Nf4 Nxf4 17.
Bxf4 Bxf4 18. Rxf4 Bd5 19. Bxd5+ Qxd5 20. Qh5 Rae8 21.
Raf1 Qe5 22. Qf3 Re7 23. Rxf5 Rxf5 24. Qxf5 Qxf5 25. Rxf5 b6 26. Kf2 Kg7 27. b4 Kg6 28. Rf4 Rc7 29. b5 Re7 30. h4 h5 31. Rf8 Kg7 32. Rf5 Kg6 33. Rg5+ Kh6 34. a4 Rf7+ 35. Kg2 Re7 36. Rf5 Kg6 37. Rf4 Re1 38. Re4 Ra1 39. Re6+ Kf5 40. Rh6 Rxa4 41. Rxh5+ Kg6 42. Rg5+ Kf6 43.
Rd5 Ra2 44. g4 Rxc2+ 45. Kf3 Rb2 46. g5+ Ke6 47. Rd8 Rxb5 48. h5 Kf5 49. g6 Kf6 50. Rf8+ Kg7 51. Rf7+ Kg8 52. h6 c4 53. h7+ Kh8 54. Rf8+ Kg7 55. h8=Q+ Kxg6 56. Rf6+ Kg5 57. Qh6# 1-0

[Event "Late-Titled-Tuesday-Blitz-March-26-2024"]
[Site "Chess.com"]
[Date "2024.03.26"]
[Round "10"]
[White "carloseduar100"]
[Black "crazycheesecake"]
[Result "1-0"]
[WhiteElo "2250"]
[BlackElo "2051"]
[TimeControl "180+1"]
[EndTime "15:53:59 PDT"]
[Termination "carloseduar100 won by resignation"]

1. g3 d5 2. Bg2 Nf6 3. Nf3 e6 4. O-O Be7 5. d4 O-O 6. c3 b6 7. Nbd2 Bb7 8. Re1 c5 9. Ne5 Nc6 10. Nxc6 Bxc6 11. dxc5 bxc5 12. e4 dxe4 13. Qe2 Qd5 14.
Nxe4 Nxe4 15. Bxe4 Qxe4 16. Qxe4 Bxe4 17. Rxe4 Rab8 18.
b3 Rfd8 19. Be3 Bf6 20. Bxc5 Bxc3 21. Rc1 Bd2 22. Rc2 a5 23. Kg2 h6 24. Rec4 Rbc8 25. Bb6 Rxc4 26. bxc4 Rb8 27. c5 Bg5 28. c6 Kf8 29. c7 Rc8 30. Bxa5 Ke8 31. a4 Kd7 32. Bb6 Be7 33. a5 Bd6 34. Rd2 Kc6 35. Rc2+ Kb7 36. Rd2 Bxc7 37. Rd7 Kc6 38. Rxf7 Bxb6 39. axb6 Kxb6 40.
Rxg7 h5 41. Rg6 Re8 42. Rh6 Kc5 43. Rxh5+ Kd6 44. Ra5 Ke7 45. h4 Kf6 46. g4 e5 47.
Ra6+ Kg7 48. Kg3 e4 49. g5 e3 50. fxe3 Rxe3+ 51. Kg4 Re4+ 52. Kh5 Rf4 53. Ra7+ Kg8 54. Kg6 Kf8 55. h5 Rf1 56. h6 Rh1 57. Ra8+ Ke7 58. h7 Ke6 59. h8=Q Rxh8 60. Rxh8 Ke5 61. Rf8 Ke6 62. Re8+ Kd6 63. Re1 Kd5 64. Kf7 Kd4 65.
g6 Kd3 66. g7 Kd2 67. Re6 Kd3 68. g8=Q Kd4 69. Qd8+ Kc4 70. Rc6+ Kb4 71. Qb8+ Ka5 72. Rc7 Ka4 73. Ke6 Ka3 74. Kd5 Ka4 75. Kc4 1-0

[Event "Late-Titled-Tuesday-Blitz-March-26-2024"]
[Site "Chess.com"]
[Date "2024.03.26"]
[Round "10"]
[White "Meri-Arabidze"]
[Black "Genghis_K"]
[Result "0-1"]
[WhiteElo "2692"]
[BlackElo "2917"]
[TimeControl "180+1"]
[EndTime "15:54:00 PDT"]
[Termination "Genghis_K won on time"]

1. Nf3 Nf6 2. c4 e6 3. g3 d5 4. Bg2 d4 5. d3 Bb4+ 6. Bd2 a5 7. O-O O-O 8. Bxb4 axb4 9. Nbd2 Nc6 10. Nb3 e5 11. Ne1 Bf5 12. Nc2 Qe7 13. Qd2 Ra4 14. c5 Rfa8 15. Bxc6 bxc6 16. Nxb4 Qe6 17. Rfc1 Bh3 18.
f3 h5 19. Rc4 h4 20. a3 Qf5 21. Qe1 Nh5 22. Nd2 Qg6 23. Ne4 Be6 24. Nxc6 Kh7 25.
Rxa4 Rxa4 26. Nxe5 Qf5 27. f4 Bd5 28. Nf3 Bxe4 29. dxe4 Qxc5 30. Nxh4 Nf6 31. Nf3 Nxe4 32. Kg2 Rc4 33. Rd1 Rc2 34. Rxd4 f5 35. Rxe4 fxe4 36. Ng5+ Kg6 37. Qf2 Qc4 38. h4 Rxe2 39. f5+ Kh6 40. Nf7+ Kh7 41. Ng5+ Kg8 0-1

[Event "Late-Titled-Tuesday-Blitz-March-26-2024"]
[Site "Chess.com"]
[Date "2024.03.26"]
[Round "10"]
[White "eljanov"]
[Black "GothamChess"]
[Result "1-0"]
[WhiteElo "2908"]
[BlackElo "2675"]
[TimeControl "180+1"]
[EndTime "15:54:03 PDT"]
[Termination "eljanov won on time"]

1. d4 g6 2. e4 Bg7 3. h4 d5 4. e5 c5 5. c3 h5 6. Bd3 Nc6 7.
Ne2 Nh6 8. Bxh6 Bxh6 9. Na3 a6 10. O-O cxd4 11. cxd4 Bg4 12. Nc2 e6 13. f3 Qxh4 14.
g3 Qh3 15. fxg4 hxg4 16. Kf2 Qh2+ 17. Ke1 Bg5 18. b4 Rc8 19. b5 axb5 20. Bxb5 Qg2 21. Qd3 Kf8 22. Bxc6 Rxc6 23. Ne3 Bxe3 24. Qxe3 Rh2 25.
Qf2 Qxf2+ 26. Rxf2 Rh1+ 27. Rf1 Rh2 28. Kd2 Rb6 29.
Rfb1 Ra6 30. Rxb7 Ra4 31. Kd3 Rf2 32. a3 Rf3+ 33. Kd2 Raxa3 34. Rxa3 Rxa3 35. Rc7 Rf3 36. Rc3 Rf2 37. Ke1 Rh2 38. Nf4 g5 39. Nd3 Rh1+ 40.
Ke2 Kg7 41. Nf2 1-0

[Event "Late-Titled-Tuesday-Blitz-March-26-2024"]
[Site "Chess.com"]
[Date "2024.03.26"]
[Round "10"]
[White "MoldyTofu"]
[Black "ernestina08chess"]
[Result "1/2-1/2"]
[WhiteElo "2067"]
[BlackElo "2238"]
[TimeControl "180+1"]
[EndTime "15:54:04 PDT"]
[Termination "Game drawn by repetition"]

1. b3 Nf6 2. Bb2 g6 3. e3 Bg7 4. d4 O-O 5. Nf3 d5 6. Bd3 c5 7.
dxc5 Qa5+ 8. Nbd2 Qxc5 9. O-O Nc6 10. c4 Rd8 11. Qe2 Qd6 12. Rfd1 Qc7 13. Rac1 dxc4 14.
Nxc4 Be6 15. Nce5 Qb6 16. Nxc6 bxc6 17. Bd4 Qc7 18. Ne5 Bd7 19. Bb5 Rac8 20. Nxc6 Bxc6 21.
Rxc6 Qb8 22. Rdc1 Rxc6 23. Rxc6 Rc8 24. Rxc8+ Qxc8 25. Bxa7 h5 26. h3 Kh7 27. Bd4 Qe6 28. Bc4 Qf5 29. Qd3 Ne4 30. Bxg7 Qxf2+ 31. Kh2 Qg3+ 32.
Kg1 Qf2+ 33. Kh1 Qe1+ 34. Kh2 Qg3+ 35. Kh1 Qe1+ 36. Kh2 Qg3+ 1/2-1/2

[Event "Late-Titled-Tuesday-Blitz-March-26-2024"]
[Site "Chess.com"]
[Date "2024.03.26"]
[Round "10"]
[White "rhwr"]
[Black "Slovineanu"]
[Result "1-0"]
[WhiteElo "2317"]
[BlackElo "2473"]
[TimeControl "180+1"]
[EndTime "15:54:05 PDT"]
[Termination "rhwr won on time"]

1. e4 e5 2. Nf3 Nc6 3. Bb5 a6 4. Ba4 Bc5 5. O-O Nge7 6. c3 Ba7 7. d4 Ng6 8. Bxc6 dxc6 9. dxe5 Qxd1 10. Rxd1 Bg4 11.
h3 Bxf3 12. gxf3 Nxe5 13. Kg2 Rd8 14. Rxd8+ Kxd8 15. Bf4 Ng6 16. Bg3 Rf8 17. Na3 f5 18.
exf5 Rxf5 19. Rd1+ Rd5 20. Re1 b5 21. Re2 Kd7 22.
Nc2 h5 23. Nb4 Rg5 24. Kf1 a5 25. Rd2+ Kc8 26. Nxc6 Bb6 27. h4 Rf5 28. Ke2 Nf4+ 29. Kf1 Ng6 30. Ke2 Nf4+ 31. Ke1 Kb7 32. Nd4 Rf6 33. Nxb5 g5 34. hxg5 Re6+ 35. Kf1 Ng6 36. Nd4 Rd6 37. f4 h4 38. Bh2 c5 39. Nf3 Rxd2 40. Nxd2 Bc7 41. Kg2 1-0

[Event "Late-Titled-Tuesday-Blitz-March-26-2024"]
[Site "Chess.com"]
[Date "2024.03.26"]
[Round "10"]
[White "sergiochess83"]
[Black "GHANDEEVAM2003"]
[Result "0-1"]
[WhiteElo "2996"]
[BlackElo "3058"]
[TimeControl "180+1"]
[EndTime "15:54:10 PDT"]
[Termination "GHANDEEVAM2003 won by resignation"]

1. d4 e6 2. e4 d5 3. Nc3 Bb4 4.
e5 c5 5. a3 Bxc3+ 6. bxc3 Qa5 7. Bd2 Qa4 8. Qb1 c4 9. Qd1 Ne7 10. h4 Nbc6 11. h5 h6 12. g3 Bd7 13. Bh3 O-O-O 14. Nf3 f6 15. exf6 gxf6 16. O-O e5 17. Bxd7+ Rxd7 18. Re1 e4 19. Nh4 f5 20. Bf4 Nd8 21.
Be5 Rg8 22. Qd2 Qa6 23. Qf4 Rg4 24. Qe3 Nf7 25. Bf4 Qf6 26. Ng2 Rd8 27. Rab1 Ng5 28. Bxg5 hxg5 29. Qe2 Qh6 30. Ne3 Qxh5 31. Nxg4 Rh8 32. f4 fxg4 33. Qg2 gxf4 34. gxf4 Ng6 35. Rf1 Nh4 36. Qg3 Nf5 37. Qg2 Ne3 38. Qg3 Nf5 39. Qg2 g3 40. Rbe1 Qg4 41. Qe2 Qg6 42. Qg2 Rh2 0-1

[Event "Late-Titled-Tuesday-Blitz-March-26-2024"]
[Site "Chess.com"]
[Date "2024.03.26"]
[Round "10"]
[White "jcibarra"]
[Black "Andrei_Skvortsov"]
[Result "1-0"]
[WhiteElo "2983"]
[BlackElo "2717"]
[TimeControl "180+1"]
[EndTime "15:54:11 PDT"]
[Termination "jcibarra won by resignation"]

1. e4 d5 2. exd5 Qxd5 3. Nc3 Qe5+ 4. Nce2 Nf6 5. d4 Qa5+ 6. c3 e6 7. Nf3 c6 8. g3 Be7 9. Bg2 O-O 10. O-O Nbd7 11.
Re1 c5 12. Nf4 cxd4 13. Nxd4 a6 14. Qe2 Bd6 15. Ndxe6 Re8 16. Qd1 Bxf4 17. Nxf4 Rxe1+ 18. Qxe1 Nf8 19. Qe7 Qb6 20. b3 Bd7 21. Be3 Qc7 22.
Bd4 Re8 23. Qb4 Ne4 24. Re1 Bc6 25. Bb6 Qd7 26. Bxe4 Rxe4 27. Rxe4 Qd1+ 28. Kg2 Qc2 29. Kf3 f5 30. Qc4+ Kh8 31. Kg2 Bxe4+ 32. Kh3 Qxf2 33.
Bxf2 1-0

[Event "Late-Titled-Tuesday-Blitz-March-26-2024"]
[Site "Chess.com"]
[Date "2024.03.26"]
[Round "10"]
[White "b_6"]
[Black "kai_nov"]
[Result "1-0"]
[WhiteElo "2471"]
[BlackElo "2333"]
[TimeControl "180+1"]
[EndTime "15:54:11 PDT"]
[Termination "b_6 won on time"]

1. d4 d5 2. c4 e6 3. Nc3 c6 4. e3 Nf6 5. Nf3 Nbd7 6. Qc2 Bd6 7. Bd3 dxc4 8. Bxc4 b5 9. Bd3 Bb7 10. O-O O-O 11. a3 a5 12. Rd1 Qc7 13. Bd2 Rfc8 14.
Rac1 h6 15. Be1 e5 16. dxe5 Nxe5 17. Nxe5 Bxe5 18. g3 Qe7 19. Ne4 Nxe4 20. Bxe4 Bxb2 21. Qxb2 Qxe4 22. Rd4 Qe7 23. Rg4 f6 24. Bc3 Kh8 25. Rg6 c5 26. Rxh6+ Kg8 27. Rh4 b4 28. Bd2 Rd8 29.
Be1 Rac8 30. axb4 cxb4 31. Rxc8 Rxc8 32. Qa2+ Qf7 33. Rh8+ Kxh8 34. Qxf7 1-0

[Event "Late-Titled-Tuesday-Blitz-March-26-2024"]
[Site "Chess.com"]
[Date "2024.03.26"]
[Round "10"]
[White "a-z30"]
[Black "Slovak_fighter2000"]
[Result "0-1"]
[WhiteElo "2472"]
[BlackElo "2605"]
[TimeControl "180+1"]
[EndTime "15:54:12 PDT"]
[Termination "Slovak_fighter2000 won on time"]

1. d4 Nf6 2. c4 e6 3. Nc3 d5 4. Bg5 c6 5. e3 Nbd7 6. Nf3 Qa5 7. cxd5 Nxd5 8. Qd2 Bb4 9. Rc1 c5 10. Bc4 N7f6 11. Bxf6 Nxf6 12. dxc5 Ne4 13. Qd4 Bxc3+ 14. bxc3 Nf6 15. Qd6 Ne4 16. Qe5 Nf6 17. c6 Qxe5 18.
Nxe5 b6 19. Ke2 Ke7 20. Rhd1 Ne4 21. Bd3 Nc5 22. Bb5 f6 23. Nd7 Bxd7 24. cxd7 Rhd8 25.
Rd4 Nxd7 26. Rcd1 Nc5 27. Rxd8 Rxd8 28. Rxd8 Kxd8 29. f3 Ke7 30. Bd3 h6 31. Bc2 Kd6 32.
h4 g5 33. hxg5 hxg5 34. g3 Nd7 35. f4 gxf4 36. exf4 f5 37. Kf3 Nf6 38. Ke3 a5 39. Bb3 e5 40. fxe5+ Kxe5 41. Bf7 Ne4 42. Kd3 Nxg3 43.
Kc4 Ne4 44. a4 Nd6+ 45. Kd3 Nxf7 0-1

[Event "Late-Titled-Tuesday-Blitz-March-26-2024"]
[Site "Chess.com"]
[Date "2024.03.26"]
[Round "10"]
[White "Zq1"]
[Black "dennisodessa"]
[Result "0-1"]
[WhiteElo "2616"]
[BlackElo "2545"]
[TimeControl "180+1"]
[EndTime "15:54:14 PDT"]
[Termination "dennisodessa won by resignation"]

1. d4 Nf6 2. c4 e6 3. Nf3 Bb4+ 4. Bd2 a5 5. g3 b6 6. Bg2 Bb7 7. O-O O-O 8. Bg5 Be7 9. Nc3 Ne4 10. Bxe7 Qxe7 11.
Qc2 Nxc3 12. Qxc3 d6 13. Rfe1 Be4 14. Bh3 Nd7 15. Nd2 Bb7 16. e4 e5 17. b3 Rfe8 18.
Rad1 Rad8 19. f3 exd4 20. Qxd4 Ne5 21. Bg2 Qf6 22. Qa1 Qh6 23. Nf1 Qh5 24. Qc3 f5 25. f4 Ng4 26. e5 Bxg2 27. Kxg2 dxe5 28. Rxd8 Rxd8 29. fxe5 f4 30. gxf4 Qg6 31. Qg3 Rd3 32. Ne3 Nxe3+ 33. Kf2 Nd1+ 34. Kg2 Rxg3+ 0-1

[Event "Late-Titled-Tuesday-Blitz-March-26-2024"]
[Site "Chess.com"]
[Date "2024.03.26"]
[Round "10"]
[White "Quattroporte300"]
[Black "BallottiLuca"]
[Result "1/2-1/2"]
[WhiteElo "2479"]
[BlackElo "2360"]
[TimeControl "180+1"]
[EndTime "15:54:15 PDT"]
[Termination "Game drawn by repetition"]

1. e4 e5 2. Nf3 Nf6 3. Nc3 Nc6 4. d4 exd4 5. Nxd4 Bb4 6. Nxc6 bxc6 7. Bd3 d5 8. exd5 O-O 9. O-O cxd5 10. Bg5 c6 11. Qf3 Bd6 12. h3 h6 13. Bxf6 Qxf6 14. Qxf6 gxf6 15. Ne2 Rb8 16. b3 c5 17. Rad1 Be6 18. f4 a5 19. a4 Rb4 20. f5 Bd7 21. Nc3 Bc6 22. Bb5 Bxb5 23. Nxb5 Be5 24. Rxd5 c4 25.
Nd4 cxb3 26. Nc6 Rxa4 27. cxb3 Ra3 28. Nxe5 fxe5 29. Rxe5 Rb8 30. Rf3 Raxb3 31. Rxb3 Rxb3 32. Rxa5 Kg7 33. Ra6 Rc3 34. Kf2 Rb3 35. Rc6 Ra3 36. g3 Rb3 37. Kg2 Ra3 38. g4 Rb3 39. h4 Ra3 40. Kf2 Ra2+ 41. Kg3 Ra3+ 42. Kf4 Ra4+ 43.
Kf3 Ra3+ 44. Ke4 Ra4+ 45. Kf3 Ra3+ 46. Kf2 Ra4 47. Kf3 1/2-1/2

[Event "Late-Titled-Tuesday-Blitz-March-26-2024"]
[Site "Chess.com"]
[Date "2024.03.26"]
[Round "10"]
[White "promen1999"]
[Black "Oleksandr_Bortnyk"]
[Result "1-0"]
[WhiteElo "2870"]
[BlackElo "3033"]
[TimeControl "180+1"]
[EndTime "15:54:17 PDT"]
[Termination "promen1999 won by resignation"]

1. d4 Nf6 2. c4 b6 3. Nc3 Bb7 4.
Qc2 g6 5. e4 d6 6. Nf3 Bg7 7.
Be2 O-O 8. O-O c5 9. d5 e6 10. a3 exd5 11. cxd5 Re8 12. Re1 Na6 13. Bb5 Re7 14. Bg5 Nc7 15. e5 dxe5 16. d6 Qxd6 17. Rad1 Qe6 18. Rxe5 Qg4 19. h3 Bxf3 20. hxg4 Bxd1 21.
Qxd1 Rxe5 22. Bf4 Re7 23. Bxc7 Rxc7 24. g5 Nh5 25. Nd5 Rd8 26. Ne7+ Rxe7 27. Qxd8+ Bf8 28. g3 Ng7 29. Bc4 Nf5 30. Kg2 Nd4 31. b4 Nc6 32. Qd5 Rc7 33. bxc5 Bxc5 34. Bb5 Nd4 35. Qd8+ Kg7 36.
Qxc7 Nxb5 37. Qe5+ Kg8 38. Qe8+ Kg7 39. Qxb5 Bxa3 40. Qa6 Be7 41. f4 h6 42. Qxa7 1-0

[Event "Late-Titled-Tuesday-Blitz-March-26-2024"]
[Site "Chess.com"]
[Date "2024.03.26"]
[Round "10"]
[White "ExtremeLearner"]
[Black "GoltsevDmitry2000"]
[Result "0-1"]
[WhiteElo "2568"]
[BlackElo "2798"]
[TimeControl "180+1"]
[EndTime "15:54:17 PDT"]
[Termination "GoltsevDmitry2000 won by resignation"]

1. d4 e6 2. c4 Nf6 3. Nc3 Bb4 4. e3 Bxc3+ 5. bxc3 b6 6. Bd3 Bb7 7. f3 d6 8. Ne2 Nbd7 9. O-O a5 10. Ng3 O-O 11.
e4 Qe7 12. f4 Rfd8 13. Qe2 Nf8 14. Be3 Rac8 15. Rae1 c5 16. e5 Ne8 17. f5 dxe5 18.
dxe5 Qh4 19. Rf4 Qe7 20. f6 Qd7 21. Bc2 Ng6 22. fxg7 Nxg7 23. Nh5 Nxh5 24. Qxh5 Qc6 25.
Rg4 Rd7 26. Bg5 Rf8 27. Bf6 Rd2 28. Qxh7+ Kxh7 29. Rh4+ Kg8 30. Be4 Qd7 31. Bxg6 fxg6 32. Rh8+ Kf7 33. Rh7+ Ke8 34. Rxd7 Kxd7 0-1

[Event "Late-Titled-Tuesday-Blitz-March-26-2024"]
[Site "Chess.com"]
[Date "2024.03.26"]
[Round "10"]
[White "BabageldiAnnaberdiyev"]
[Black "alexrustemov"]
[Result "0-1"]
[WhiteElo "2634"]
[BlackElo "2909"]
[TimeControl "180+1"]
[EndTime "15:54:17 PDT"]
[Termination "alexrustemov won by resignation"]

1. e4 e6 2. d4 d5 3. e5 c5 4. c3 Qb6 5. Nf3 Bd7 6. Be2 Bb5 7. O-O Bxe2 8. Qxe2 Qa6 9. c4 Qxc4 10. Qxc4 dxc4 11.
Na3 c3 12. bxc3 Nc6 13. Nb5 Rc8 14. Nd6+ Bxd6 15. exd6 cxd4 16. cxd4 Nf6 17. Ne5 O-O 18. Ba3 Rfd8 19. Rfd1 Nd5 20. d7 Ra8 21. Nxc6 bxc6 22. Rac1 Rxd7 23. Rxc6 h5 24. g3 a5 25. Bc5 Rb7 26.
a3 Rb2 27. h4 Rab8 28. Ra6 Ra2 29. Rxa5 Rbb2 30. Rf1 Ne3 31. d5 Nxf1 32. Kxf1 exd5 33. Be3 Rb1+ 34. Kg2 Rd1 35. Ra8+ Kh7 36. Bc5 d4 37. Rd8 d3 38. Kf3 Kg6 39. Rd6+ f6 40. Rd7 Rc1 41. Bf8 d2 42. Rxg7+ Kf5 0-1

[Event "Late-Titled-Tuesday-Blitz-March-26-2024"]
[Site "Chess.com"]
[Date "2024.03.26"]
[Round "10"]
[White "N_Mullodzhanov"]
[Black "ChessSwole"]
[Result "0-1"]
[WhiteElo "2547"]
[BlackElo "2675"]
[TimeControl "180+1"]
[EndTime "15:54:17 PDT"]
[Termination "ChessSwole won by checkmate"]

1. e4 d6 2. d4 Nf6 3. Nc3 g6 4.
Nf3 Bg7 5. h3 O-O 6. Be3 a6 7.
Qd2 b5 8. Bd3 Bb7 9. d5 c6 10.
Bh6 cxd5 11. Nxd5 Nbd7 12. Bxg7 Kxg7 13. O-O Nc5 14. Nxf6 exf6 15. Rfe1 Re8 16. Qf4 d5 17. Rad1 dxe4 18. Bxb5 Qb8 19. Rd6 Re6 20. Red1 exf3 21.
Bc4 Rxd6 22. Qxd6 Qxd6 23. Rxd6 fxg2 24. b4 Re8 25. Rd1 Na4 26. Bxf7 Kxf7 27. c4 Nc3 28. Ra1 Ne2+ 29. Kh2 g1=Q+ 30. Rxg1 Nxg1 31. b5 axb5 32. Kxg1 bxc4 33. f4 c3 34. f5 g5 35. h4 c2 36. h5 c1=Q+ 37. Kf2 Qf4+ 38. Kg1 Re1# 0-1

[Event "Late-Titled-Tuesday-Blitz-March-26-2024"]
[Site "Chess.com"]
[Date "2024.03.26"]
[Round "10"]
[White "newauto"]
[Black "AntonovaNadezhda"]
[Result "1-0"]
[WhiteElo "2208"]
[BlackElo "2144"]
[TimeControl "180+1"]
[EndTime "15:54:17 PDT"]
[Termination "newauto won by resignation"]

1. d4 Nf6 2. Nf3 g6 3. Bg5 Bg7 4. Nbd2 O-O 5. e4 c5 6. c3 cxd4 7. cxd4 d6 8. Bd3 a6 9. O-O b5 10. Re1 Bb7 11. Rc1 Nc6 12. h3 h6 13. Be3 Rc8 14. a3 e5 15. Bb1 Nd7 16. d5 Ne7 17. Rxc8 Bxc8 18. Nh2 f5 19. f3 f4 20. Bf2 h5 21. b4 Nf6 22. Bd3 g5 23. Be2 Qe8 24. Nb3 Qg6 25. Na5 g4 26. hxg4 hxg4 27. Nxg4 Nxg4 28.
fxg4 Bf6 29. Bf3 Kf7 30. Kf1 Rh8 31. Ke2 Bxg4 32. Kd3 Bxf3 33. gxf3 Nxd5 34. Rg1 Qh7 35. Qb3 Rc8 36. Qxd5+ Ke7 37. Nc6+ Kd7 38. Na5 Qh2 39. Qf7+ Be7 40. Qf5+ Kc7 41. Rc1+ 1-0

[Event "Late-Titled-Tuesday-Blitz-March-26-2024"]
[Site "Chess.com"]
[Date "2024.03.26"]
[Round "10"]
[White "jinxy2009"]
[Black "KetiTsatsalashvili"]
[Result "0-1"]
[WhiteElo "2279"]
[BlackElo "2461"]
[TimeControl "180+1"]
[EndTime "15:54:21 PDT"]
[Termination "KetiTsatsalashvili won by resignation"]

1. e4 c5 2. Nf3 d6 3. d4 cxd4 4.
Nxd4 Nf6 5. Nc3 Nc6 6. Bg5 e6 7. Qd3 a6 8. Nxc6 bxc6 9. O-O-O Be7 10. Qg3 Qc7 11. h4 Rb8 12. f4 h6 13. Bxf6 Bxf6 14.
Bc4 Qb6 15. Bb3 Qc5 16. Na4 Qa5 17. Rxd6 Rb4 18. e5 Be7 19. Rd3 Rxa4 20. Bxa4 Qxa4 21. a3 O-O 22. Qf3 c5 23. g4 c4 24. Rc3 Qb5 25.
Qf2 Bb7 26. Rd1 Bc5 27. Qe2 Bd5 28. b4 Be7 29. f5 Bxh4 30. f6 Bg5+ 31. Kb1 a5 32.
Rh3 axb4 33. Ka1 bxa3 34. Rb1 Qc5 35. fxg7 Ra8 36. Qg2 0-1

[Event "Late-Titled-Tuesday-Blitz-March-26-2024"]
[Site "Chess.com"]
[Date "2024.03.26"]
[Round "10"]
[White "AlejandroArias"]
[Black "KorolDimitriy75"]
[Result "0-1"]
[WhiteElo "2348"]
[BlackElo "2387"]
[TimeControl "180+1"]
[EndTime "15:54:22 PDT"]
[Termination "KorolDimitriy75 won by resignation"]

1. e3 c5 2. Nf3 g6 3. d4 Bg7 4. Be2 Nf6 5. O-O O-O 6. b3 d5 7. Bb2 Qb6 8. Nbd2 Nc6 9. c4 Rd8 10. cxd5 Nxd5 11. dxc5 Qxc5 12. Bxg7 Kxg7 13. Qc1 Qxc1 14.
Raxc1 h6 15. a3 Be6 16. b4 a6 17. Ne4 Rab8 18. Nc5 Rd6 19. Nxe6+ Rxe6 20. Rfd1 Rd6 21.
Rc5 Rbd8 22. Rdc1 e6 23. Bxa6 Ncxb4 24. axb4 bxa6 25. R5c4 Nxb4 26. g3 Rd1+ 27. Rxd1 Rxd1+ 28. Kg2 a5 29. Ne5 Kf6 30. Nd7+ Rxd7 31. Kf3 Ra7 32.
Ke4 Nd5 33. Rc2 a4 34. Ra2 Nc3+ 0-1

[Event "Late-Titled-Tuesday-Blitz-March-26-2024"]
[Site "Chess.com"]
[Date "2024.03.26"]
[Round "10"]
[White "azikom"]
[Black "PapaieDudu"]
[Result "1-0"]
[WhiteElo "2623"]
[BlackElo "2431"]
[TimeControl "180+1"]
[EndTime "15:54:23 PDT"]
[Termination "azikom won by resignation"]

1. c4 e6 2. Nc3 d5 3. e3 Nf6 4. Nf3 a6 5. d4 dxc4 6. Bxc4 b5 7. Bd3 c5 8. O-O Nbd7 9. Qe2 Be7 10. a4 b4 11. Ne4 Bb7 12. Nxf6+ Nxf6 13. dxc5 Bxc5 14. e4 h6 15. e5 Nd5 16. Bd2 Qb6 17. a5 Qc7 18. Rfc1 Qe7 19. Rc4 O-O 20. Rac1 Rac8 21. Qe4 f5 22. exf6 Nxf6 23. Qg6 Bd5 24. Rh4 Rf7 25.
Rxh6 Bxf2+ 26. Kxf2 Rxc1 27. Bxc1 Be4 28. Bxe4 Nxe4+ 29. Qxe4 gxh6 30. Bxh6 Qc5+ 31. Ke2 Qb5+ 32. Ke1 Qh5 33.
Bd2 Qxa5 34. h4 Kf8 35. Bxb4+ 1-0

[Event "Late-Titled-Tuesday-Blitz-March-26-2024"]
[Site "Chess.com"]
[Date "2024.03.26"]
[Round "10"]
[White "Laico"]
[Black "TheMagician"]
[Result "1/2-1/2"]
[WhiteElo "2392"]
[BlackElo "2276"]
[TimeControl "180+1"]
[EndTime "15:54:23 PDT"]
[Termination "Game drawn by repetition"]

1. e4 c5 2. Nc3 e6 3. f4 a6 4. Nf3 Nc6 5. g3 d5 6. Bg2 d4 7.
Nb1 f6 8. d3 Bd6 9. O-O e5 10.
fxe5 Nxe5 11. Nxe5 Bxe5 12. Bf4 Qc7 13. Nd2 Ne7 14.
Nc4 Nc6 15. Bxe5 Nxe5 16. Nxe5 Qxe5 17. Qd2 O-O 18. Qf4 Be6 19. Qxe5 fxe5 20. a3 Rxf1+ 21. Rxf1 b5 22. h4 c4 23. Rf2 cxd3 24. cxd3 Rc8 25. Kh2 Rc1 26. Bh3 Bxh3 27. Kxh3 Rd1 28. Rf5 Rxd3 29.
Rxe5 Rb3 30. Rd5 d3 31. Rd7 Rxb2 32. Rxd3 Re2 33. Rd6 Rxe4 34. Rxa6 Kf7 35. Ra5 b4 36. Ra4 h5 37. Rxb4 Re3 38. a4 Ra3 39. Kg2 g5 40.
hxg5 Kg6 41. Rb6+ Kxg5 42. Rb5+ Kg4 43. Rb4+ Kg5 44. Kh3 Ra1 45. Rb5+ Kg6 46. a5 Ra2 47. Rc5 Kh6 48. Rc6+ Kg5 49. a6 Kf5 50. Rb6 Kg5 51. Rb5+ Kg6 52. Rb6+ Kg5 53. Rb5+ Kg6 54. Rb6+ Kg5 1/2-1/2

[Event "Late-Titled-Tuesday-Blitz-March-26-2024"]
[Site "Chess.com"]
[Date "2024.03.26"]
[Round "10"]
[White "katharinareinecke"]
[Black "cthake"]
[Result "1-0"]
[WhiteElo "1997"]
[BlackElo "1776"]
[TimeControl "180+1"]
[EndTime "15:54:24 PDT"]
[Termination "katharinareinecke won on time"]

1. d4 d5 2. c4 c6 3. Nf3 Nf6 4. g3 e6 5. Bg2 Nbd7 6. O-O Be7 7. Nc3 O-O 8. b3 b6 9. Bb2 Ba6 10. Nd2 Rc8 11. Re1 b5 12. c5 Re8 13. b4 e5 14.
dxe5 Nxe5 15. e4 dxe4 16. Ncxe4 Nc4 17. Nxc4 bxc4 18. Nd6 Bxd6 19. Bxf6 Rxe1+ 20. Qxe1 Qxf6 21. cxd6 Qxd6 22. Rd1 Qc7 23. Qe4 Bb5 24. a3 h6 25.
Bf1 Rd8 26. Rxd8+ Qxd8 27. Bxc4 Qd1+ 28. Kg2 Bxc4 29. Qxc4 Qd6 30. h3 Kf8 31. Qc3 Qd5+ 32. Kh2 a6 33. Qe3 Qd6 34. Qa7 Qd3 35. Qa8+ Ke7 36.
Qxc6 Qxa3 37. Qc5+ Ke8 38. Qc6+ Ke7 39. Qb7+ Ke8 40. Kg2 Qa4 41. Qc8+ Ke7 42. Qc5+ Ke8 43. Qd4 1-0

[Event "Late-Titled-Tuesday-Blitz-March-26-2024"]
[Site "Chess.com"]
[Date "2024.03.26"]
[Round "10"]
[White "EternalNight8"]
[Black "CURRUTACO59"]
[Result "1-0"]
[WhiteElo "2443"]
[BlackElo "2275"]
[TimeControl "180+1"]
[EndTime "15:54:25 PDT"]
[Termination "EternalNight8 won on time"]

1. e4 e5 2. Nf3 Nc6 3. Bb5 Bc5 4. O-O Nd4 5. Nxd4 Bxd4 6. c3 Bb6 7. d4 c6 8. Bc4 d6 9. Be3 Nf6 10. Nd2 O-O 11. h3 exd4 12. cxd4 d5 13. e5 dxc4 14. exf6 Qxf6 15. Nxc4 Bc7 16. f4 Be6 17. Ne5 Bd5 18. Qg4 Rfe8 19. f5 h6 20. Rae1 Rad8 21. b3 c5 22. Nf3 Bxf3 23. Rxf3 cxd4 24. Bf2 Rxe1+ 25. Bxe1 Re8 26. Bh4 Qe5 27. f6 Qh2+ 28. Kf2 g6 29. Qd7 Rf8 30. Bg3 Bxg3+ 31. Rxg3 Qh1 32.
Rxg6+ Kh7 33. Rg7+ Kh8 34. Qf5 1-0

[Event "Late-Titled-Tuesday-Blitz-March-26-2024"]
[Site "Chess.com"]
[Date "2024.03.26"]
[Round "10"]
[White "martinmena"]
[Black "maurovargas01"]
[Result "0-1"]
[WhiteElo "2180"]
[BlackElo "1856"]
[TimeControl "180+1"]
[EndTime "15:54:28 PDT"]
[Termination "maurovargas01 won on time"]

1. c4 e5 2. g3 Nc6 3. Bg2 f5 4. Nc3 Nf6 5. e3 Bb4 6. Nge2 Bxc3 7. Nxc3 O-O 8. O-O e4 9. d4 Nb4 10. c5 Nd3 11. b4 Kh8 12. Qb3 c6 13. a4 d5 14. cxd6 Qxd6 15. Ba3 Qd8 16. b5 Re8 17. Rfd1 Be6 18. Qc2 cxb5 19. Nxb5 Rc8 20. Qe2 Rc6 21.
Nxa7 Ra6 22. Nb5 Ng4 23. f3 Nf6 24. f4 Bb3 25. Rdb1 Bxa4 26. Nd6 Rg8 27. Nxf5 Rc6 28.
Ne7 Rc2 29. Qf1 Re8 30. Rxb7 Bd7 0-1